Map: [ESL] Goldenaura

Players

Creator

  • Race: Protoss Protoss
  • Spawn Location: 5:00

SpeCial - Winner!

  • Race: Terran Terran
  • League: Master
  • Spawn Location: 12:00

Event: IEM Katowice 2024

VOD

Have the link to the VOD?

Description

Time

  • Played on: Dec. 10, 2023, 7:28 p.m.
  • Length: 18:29

All games in this series

Show
View Real Time Build Order
Export as new Build Order

Creator Protoss 

Build Orders: 1 Gate Expand, Oracle Opening, Phoenix Opening 

Get SALT Encoding   

  12  0:00  Probe  
  13  0:12  Probe  
  14  0:17  Pylon  
  14  0:24  Probe (Chrono Boost)  
  15  0:37  Probe (Chrono Boost)  
  15  0:38  Gateway  
  16  0:44  Probe (Chrono Boost)  
  16  0:47  Assimilator  
  17  0:51  Probe  
  18  1:03  Probe  
  19  1:15  Probe  
  20  1:25  Cybernetics Core  
  20  1:32  Nexus  
  20  1:39  Pylon  
  22  1:51  Assimilator, Probe  
  21  1:59  Adept (Chrono Boost)  
  21  2:03  Probe  
  24  2:15  Probe  
  25  2:23  Stargate  
  25  2:27  Probe, Adept (Chrono Boost)  
  28  2:36  Warp Gate  
  28  2:39  Probe  
  29  2:44  Probe  
  29  2:45  Shield Battery  
  29  2:49  Adept (Chrono Boost)  
  32  2:51  Probe  
  32  2:56  Probe  
  34  3:03  Probe  
  35  3:06  Oracle (Chrono Boost)  
  35  3:09  Probe  
  39  3:15  Probe  
  40  3:21  Probe  
  41  3:32  Gateway, Probe  
  41  3:33  Gateway, Probe  
  43  3:35  Phoenix (Chrono Boost)  
  45  3:43  Pylon  
  45  3:48  Pylon  
  45  3:53  Pylon  
  45  3:58  Probe  
  45  4:01  Probe, Phoenix  
  46  4:25  Stalker  
  46  4:28  Probe x2  
  46  4:29  Zealot  
  51  4:31  Adept  
  53  4:40  Probe  
  53  4:41  Probe  
  53  4:50  Stalker x2  
  57  4:52  Probe  
  52  5:12  Zealot  
  54  5:18  Zealot, Stalker  
  54  5:19  Probe (Chrono Boost)  
  54  5:20  Probe (Chrono Boost)  
  57  5:30  Probe x2 (Chrono Boost)  
  57  5:35  Probe x2 (Chrono Boost)  
  57  5:38  Zealot  
  57  5:46  Robotics Facility, Probe x2 (Chrono Boost)  
  57  5:54  Phoenix  
  57  5:55  Probe x2 (Chrono Boost)  
  61  6:00  Probe x2 (Chrono Boost)  
  62  6:05  Stalker  
  64  6:12  Probe  
  64  6:13  Zealot  
  64  6:15  Assimilator, Pylon  
  64  6:16  Assimilator  
  67  6:19  Pylon  
  67  6:33  Probe (Chrono Boost)  
  67  6:34  Immortal (Chrono Boost), Probe (Chrono Boost)  
  73  6:42  Robotics Bay  
  73  6:44  Pylon  
  73  6:45  Probe (Chrono Boost)  
  75  6:51  Probe (Chrono Boost)  
  75  6:53  Probe (Chrono Boost)  
  76  6:58  Probe (Chrono Boost)  
  76  6:59  Probe  
  78  7:02  Pylon  
  78  7:03  Sentry  
  78  7:07  Observer  
  81  7:09  Probe  
  81  7:11  Nexus  
  81  7:14  Pylon  
  82  7:21  Probe x2  
  84  7:24  Phoenix  
  84  7:28  Colossus (Chrono Boost)  
  86  7:36  Probe  
  86  7:37  Probe  
  94  7:38  Sentry  
  96  7:48  Shield Battery, Probe  
  96  7:49  Probe  
  98  7:53  Phoenix  
  100  7:58  Shield Battery  
  100  8:00  Pylon  
  100  8:08  Probe  
  100  8:11  Shield Battery  
  101  8:14  Shield Battery  
  101  8:15  Colossus (Chrono Boost)  
  101  8:16  Pylon  
  107  8:21  Stalker  
  107  8:24  Sentry, Stalker  
  113  8:28  Probe, Pylon  
  113  8:32  Probe  
  115  8:44  Extended Thermal Lance  
  115  8:46  Gateway  
  115  8:47  Forge  
  115  8:48  Gateway, Probe x2  
  115  8:49  Twilight Council  
  117  9:04  Colossus (Chrono Boost)  
  117  9:07  Cybernetics Core, Pylon  
  123  9:12  Probe  
  123  9:13  Assimilator, Probe x2  
  123  9:14  Assimilator  
  126  9:18  Protoss Ground Weapons Level 1 (Chrono Boost)  
  126  9:19  Zealot  
  126  9:22  Gateway  
  128  9:24  Gateway  
  128  9:25  Charge  
  128  9:28  Probe x3  
  130  9:38  Gateway  
  130  9:41  Gateway  
  130  9:43  Gateway  
  130  9:46  Photon Cannon  
  130  9:48  Sentry, Stalker  
  134  9:57  Observer  
  135  10:07  Stalker  
  135  10:12  Pylon  
  137  10:14  Templar Archives  
  137  10:15  Pylon  
  137  10:23  Warp Prism (Chrono Boost)  
  137  10:24  Zealot  
  141  10:30  Zealot  
  141  10:33  Gateway  
  143  10:36  Pylon  
  143  10:42  Nexus  
  143  10:45  Pylon  
  143  10:49  Robotics Facility  
  143  10:50  High Templar x2  
  143  10:51  High Templar  
  143  10:52  High Templar  
  143  10:55  Disruptor (Chrono Boost), Archon  
  143  10:57  Archon  
  151  11:14  Blink (Chrono Boost)  
  151  11:17  Probe x3  
  154  11:20  Protoss Ground Weapons Level 2 (Chrono Boost)  
  154  11:22  Disruptor (Chrono Boost)  
  158  11:25  Nexus  
  158  11:26  Pylon  
  158  11:28  Photon Cannon  
  158  11:38  Stalker x2  
  158  11:39  Stalker  
  156  11:44  Disruptor (Chrono Boost)  
  154  11:50  Zealot x3  
  154  11:51  Disruptor (Chrono Boost)  
  148  12:01  Zealot x4  
  148  12:02  Zealot  
  156  12:14  Stalker x2  
  146  12:16  Disruptor (Chrono Boost)  
  148  12:23  Nexus, Probe  
  148  12:24  Disruptor (Chrono Boost), Pylon, Probe x2  
  148  12:29  Stalker x4  
  158  12:42  Stalker x4  
  141  12:45  Stalker  
  143  12:53  Disruptor (Chrono Boost)  
  143  12:55  Stalker  
  147  13:03  Observer, Stalker x2  
  152  13:09  Zealot x3  
  158  13:23  Warp Prism  
  158  13:25  High Templar x2  
  164  13:27  Pylon  
  164  13:29  Archon  
  159  13:37  Zealot  
  145  13:53  High Templar x2  
  145  13:54  Zealot, Stalker x3  
  153  13:57  Pylon  
  147  14:05  Zealot x3  
  147  14:07  Archon  
  153  14:18  Stalker x4  
  153  14:22  Warp Prism  
  153  14:25  Stalker x4  
  149  14:41  Warp Prism  
  149  14:43  Zealot x5  
  161  14:48  Pylon  
  161  14:50  Pylon  
  129  15:02  Zealot x4  
  129  15:03  Zealot x2  
  129  15:04  Zealot x3  
  139  15:26  Stalker x5  
  139  15:30  Zealot  
  131  15:40  Stalker x2  
  107  15:50  Zealot  
  99  15:57  Zealot  
  99  15:58  Zealot x3  
  95  16:04  High Templar x2  
  95  16:09  Archon  
  97  16:19  Observer (Chrono Boost)  
  96  16:29  High Templar x4, Stalker  
  96  16:30  Zealot, Stalker  
  96  16:31  Observer (Chrono Boost)  
  111  16:33  Archon x2  
  111  16:39  Stalker x2  
  112  16:54  Sentry, Stalker  
  112  16:55  Zealot x3  
  119  17:01  Photon Cannon  
  119  17:03  Sentry  
  119  17:07  Stalker  
  104  17:18  Zealot, Stalker  
  108  17:29  Zealot x2  
  89  17:38  Stalker  
  56  17:56  Observer (Chrono Boost)  
  49  18:02  Zealot, Stalker  
Show
View Real Time Build Order
Export as new Build Order

SpeCial Terran - Winner!

Build Orders: 1/1/1 

Get SALT Encoding   

  12  0:00  SCV  
  13  0:12  SCV  
  14  0:17  Supply Depot  
  14  0:24  SCV  
  15  0:39  SCV  
  15  0:41  Barracks  
  16  0:45  Refinery  
  16  0:51  SCV  
  16  0:53  Refinery  
  17  1:03  SCV  
  18  1:15  SCV  
  19  1:27  Orbital Command  
  19  1:28  Marine  
  20  1:33  Factory  
  20  1:40  Supply Depot  
  20  1:47  Barracks Reactor  
  20  1:54  SCV  
  21  2:06  SCV  
  22  2:17  Starport  
  22  2:18  SCV  
  23  2:29  Command Center  
  23  2:33  Widow Mine  
  23  2:36  Widow Mine  
  27  2:39  SCV  
  28  2:45  Supply Depot  
  28  2:52  SCV  
  28  2:57  Widow Mine  
  31  3:06  Widow Mine, Medivac  
  35  3:15  Armory  
  35  3:16  SCV  
  36  3:30  Widow Mine  
  36  3:32  SCV  
  39  3:40  Medivac, Supply Depot  
  39  3:41  Widow Mine  
  43  3:46  Orbital Command  
  43  3:49  Marine  
  44  3:57  SCV  
  44  4:01  Widow Mine  
  44  4:02  Widow Mine  
  49  4:07  Orbital Command  
  49  4:09  SCV  
  50  4:21  SCV  
  49  4:33  SCV x2  
  49  4:34  Factory Tech Lab  
  49  4:37  Marine x2  
  49  4:38  Viking  
  55  4:45  SCV x2  
  53  4:54  Thor  
  53  4:57  Bunker, SCV  
  53  4:59  Marine x2  
  60  5:02  SCV  
  61  5:09  SCV  
  61  5:14  Supply Depot, SCV  
  61  5:17  Marine x2  
  62  5:23  Viking  
  62  5:24  SCV  
  62  5:27  SCV  
  62  5:32  Bunker  
  61  5:36  SCV  
  61  5:37  Marine  
  61  5:39  SCV  
  61  5:40  Thor  
  68  5:48  SCV, Marine  
  70  5:52  SCV  
  69  6:08  Starport Tech Lab  
  69  6:10  Marine x2  
  69  6:12  SCV x2  
  69  6:13  Barracks  
  69  6:16  Barracks  
  69  6:17  Engineering Bay  
  69  6:18  Refinery  
  71  6:27  Barracks  
  71  6:28  Marine x2  
  74  6:32  SCV  
  74  6:34  Factory Reactor  
  74  6:36  Barracks, Starport Reactor  
  74  6:39  SCV  
  75  6:45  SCV  
  75  6:46  Terran Infantry Weapons Level 1  
  76  6:47  Marine x2  
  78  6:54  Supply Depot  
  78  6:57  Supply Depot  
  78  7:04  Supply Depot  
  78  7:07  Refinery  
  78  7:08  Stimpack  
  78  7:13  Combat Shield  
  78  7:15  Marine x2  
  78  7:16  Marauder x2, SCV x2  
  78  7:20  Supply Depot  
  78  7:21  Medivac x2  
  90  7:26  Barracks Tech Lab  
  90  7:28  SCV x2  
  92  7:33  Factory Reactor  
  92  7:34  Missile Turret  
  92  7:35  Marine x2  
  94  7:37  Marine x2  
  94  7:40  Marauder x2  
  100  7:44  Supply Depot  
  100  7:47  Missile Turret  
  100  7:49  Supply Depot  
  100  7:53  Marine x2  
  100  7:55  Marine x2  
  100  7:57  Marauder  
  106  8:01  Marauder  
  106  8:05  Marauder  
  110  8:11  Command Center  
  110  8:15  Marine x3  
  110  8:16  Marine  
  110  8:18  Concussive Shells  
  114  8:20  SCV  
  114  8:21  SCV  
  114  8:27  Supply Depot  
  116  8:29  Widow Mine  
  116  8:31  Widow Mine  
  124  8:43  Viking x2  
  124  8:50  Marine  
  124  8:51  Marine x3  
  124  8:52  Marauder  
  124  8:54  SCV x2  
  132  9:00  Supply Depot  
  132  9:08  Marauder  
  134  9:21  Viking, Marine x4  
  134  9:22  SCV x2  
  134  9:23  Ghost Academy  
  142  9:27  Viking  
  144  9:37  Orbital Command  
  144  9:38  Marine x3  
  147  9:42  SCV x2  
  149  9:46  Terran Infantry Weapons Level 2  
  148  9:54  SCV  
  148  9:58  Refinery  
  148  9:59  Viking x2  
  153  10:02  Widow Mine x2  
  157  10:16  Ghost x2  
  157  10:17  Ghost, Supply Depot  
  163  10:24  Marine x2  
  165  10:30  Bunker  
  165  10:31  Missile Turret  
  165  10:32  Supply Depot  
  165  10:33  Marine  
  165  10:37  Marine  
  165  10:40  Supply Depot  
  165  10:42  SCV, Marine  
  166  10:44  SCV  
  166  10:46  Marauder  
  166  10:47  Supply Depot, SCV  
  166  10:49  Supply Depot  
  170  10:53  Marine  
  170  10:54  Marauder  
  173  11:03  Marine  
  176  11:04  Marauder  
  176  11:06  Marine  
  176  11:07  Marauder  
  175  11:13  Marine x2  
  175  11:15  Command Center, Marine  
  178  11:21  Marine  
  178  11:23  Viking  
  178  11:25  Viking  
  182  11:34  Marine  
  182  11:35  Marauder  
  182  11:41  Marine x2, SCV x2  
  182  11:42  Marauder  
  182  11:44  Marauder, Marine  
  189  11:52  Marine  
  164  11:56  Marauder  
  164  11:57  Medivac x2  
  164  11:59  Marine x2  
  172  12:03  Marauder  
  172  12:04  Barracks, Marine  
  172  12:06  Marauder  
  169  12:10  Marine  
  170  12:15  SCV  
  170  12:17  SCV, Marine  
  170  12:18  Marauder  
  170  12:20  Marine  
  170  12:22  Marine  
  175  12:24  Marauder  
  175  12:27  Marauder  
  180  12:30  Missile Turret  
  168  12:37  Marine  
  168  12:39  Marauder  
  168  12:43  Marine  
  169  12:45  Widow Mine x2  
  169  12:46  Marauder  
  169  12:48  Marauder, Medivac x2  
  169  12:51  SCV x2  
  183  12:54  Barracks Tech Lab  
  183  12:56  Planetary Fortress  
  183  12:58  Barracks x2, Marine  
  183  13:00  Marauder  
  184  13:06  Marine  
  184  13:07  Marauder, Marine  
  186  13:13  Terran Infantry Weapons Level 3  
  186  13:14  Marine x2  
  186  13:19  SCV x2  
  191  13:20  SCV  
  191  13:23  Marine  
  191  13:24  Marine, Marauder x2  
  197  13:27  Marine  
  197  13:29  Marauder  
  197  13:32  Marine  
  197  13:33  Marauder  
  185  13:41  Marine  
  185  13:45  Marauder  
  185  13:46  Marauder  
  185  13:47  Marine  
  165  13:48  Marine  
  165  13:49  Medivac  
  165  13:50  Marauder  
  165  13:54  Marauder  
  165  13:55  Marine  
  166  13:56  Marine  
  166  13:59  Widow Mine x2  
  166  14:00  Medivac  
  170  14:06  Marine x2  
  170  14:07  Marauder x2  
  170  14:09  Marine  
  177  14:11  Marauder  
  177  14:13  Marine  
  177  14:14  Marine  
  177  14:15  Marauder  
  176  14:19  Medivac  
  176  14:21  Widow Mine  
  178  14:28  Marauder x2  
  179  14:33  Marauder  
  179  14:34  Medivac  
  177  14:43  Marauder, Marine x2  
  177  14:44  Marine  
  177  14:46  Widow Mine x2  
  177  14:49  Marauder, Medivac, Marine  
  177  14:50  Marauder  
  156  14:53  Marine  
  156  14:54  Marauder  
  142  15:01  Marine x2  
  142  15:02  Marine  
  142  15:04  Medivac  
  142  15:05  Marauder  
  142  15:06  Marine  
  148  15:08  Widow Mine x2  
  148  15:11  Marine, Marauder x2  
  150  15:16  Marauder  
  150  15:19  Medivac, Marine x2  
  135  15:24  Marine  
  135  15:26  Marauder, Marine  
  120  15:29  Marine  
  120  15:30  Widow Mine x2  
  120  15:32  Marauder  
  120  15:33  Marauder  
  116  15:36  Marine  
  116  15:37  Marauder  
  116  15:38  Marine  
  116  15:42  Marine  
  105  15:48  Marine, Marauder  
  89  15:50  Terran Infantry Armor Level 1, Marine  
  89  15:54  Marine, Marauder x2  
  78  15:58  Marauder  
  78  16:00  Marine  
  70  16:04  Marine  
  70  16:09  Marauder  
  70  16:10  Marine  
  73  16:13  Marine  
  73  16:15  Marauder x2  
  78  16:18  Marine  
  78  16:20  Marauder, Marine  
  78  16:24  Marine  
  83  16:29  Marine  
  83  16:30  Marauder  
  83  16:31  Marine  
  87  16:36  Marauder, Marine  
  87  16:38  Marine x2  
  94  16:40  Marine  
  94  16:42  Marine  
  94  16:44  Widow Mine x2  
  98  16:47  Marine, Medivac  
  98  16:48  Marine  
  97  16:58  Marauder, Marine x2  
  97  17:00  Marauder, Marine  
  101  17:05  Ghost x2, Widow Mine  
  107  17:11  Marine x2  
  107  17:14  Widow Mine  
  110  17:18  SCV  
  110  17:21  Marauder, Marine  
  110  17:22  Orbital Command  
  113  17:26  Marine  
  113  17:27  Widow Mine, Marauder  
  95  17:34  Marine, Marauder  
  95  17:36  Marine  
  93  17:41  Marauder  
  93  17:45  Marine  
  93  17:47  Marine  
  84  17:52  Marine  
  84  17:55  Marine x2  
  87  17:59  Marine  
  87  18:01  Marine x2  
  87  18:03  Marine  
  87  18:04  Marine  
  93  18:05  SCV  
  93  18:09  Marine  
  93  18:11  Marine  

Tags
 
Add a new tag
Caveats
  • Supply blocks, unpowered buildings, or Contaminate may cause inaccurate times.
  • Supply counts are checked every 10 seconds.